 Dungeon Crawl Stone Soup version 0.30.0-5-g1a98f26d00 (webtiles) character file.

Game seed: 6343474245774101666

26516 Irreverend the Brawler (level 12, -4/126 HPs)
             Began as a Troll Fighter on May 13, 2023.
             Was an Elder of Wu Jian.
             Slain by a nine-headed hydra (14 damage)
             ... on level 3 of the Lair of Beasts.
             The game lasted 00:37:58 (13659 turns).

Irreverend the Brawler (Troll Fighter)             Turns: 13659, Time: 00:37:59

Health: -4/126     AC:  6    Str: 27    XL:     12   Next: 99%
Magic:  11/11      EV:  9    Int:  8    God:    Wu Jian [****..]
Gold:   1067       SH: 10    Dex:  9    Spells: 11/11 levels left

rFire   . .          .
                       - Unarmed
rCold   . . .        b - +0 kite shield
rNeg    + . .        N - +1 robe {rN+}
rPois   +            (helmet restricted)
rElec   .            m - +0 cloak
rCorr   .            (gloves unavailable)
SInv    .            (boots unavailable)
Will    .....        (no amulet)
Stlth   +            Q - +4 ring of slaying
HPRegen 1.21/turn    R - ring of poison resistance
MPRegen 0.12/turn

%: no passive effects
@: exhausted
A: large, unfitting armour, claws 3, regeneration 1, shaggy fur 1, tough skin 1
a: Renounce Religion, Wall Jump, Serpent's Lash


You were on level 3 of the Lair of Beasts.
You worshipped Wu Jian.
Wu Jian was greatly pleased with you.
You visited 3 branches of the dungeon, and saw 16 of its levels.

You collected 1067 gold pieces.

Inventory:

Missiles
 e - a throwing net (quivered)
 M - 2 curare-tipped darts
Armour
 b - a +0 kite shield (worn)
 m - a +0 cloak (worn)
 N - a +1 robe of positive energy (worn)
Jewellery
 l - a ring of wizardry
 p - a ring of flight
 K - a ring of positive energy
 Q - a +4 ring of slaying (left claw)
 R - a ring of poison resistance (right claw)
 S - a +6 ring of dexterity
Wands
 x - a wand of roots (7)
 y - a wand of paralysis (11)
 D - a wand of polymorph (21)
 E - a wand of acid (20)
 H - a wand of mindburst (17)
 I - a wand of flame (13)
Scrolls
 c - 4 scrolls of vulnerability
 g - 4 scrolls of poison
 n - 5 scrolls of teleportation
 q - a scroll of blinking {unknown}
 t - 3 scrolls of brand weapon {unknown}
 v - 3 scrolls of enchant weapon {unknown}
 w - 2 scrolls of enchant armour
 A - a scroll of fog {unknown}
 B - 4 scrolls of noise
 F - a scroll of silence {unknown}
 O - 3 scrolls of magic mapping {unknown}
 P - a scroll of amnesia {unknown}
 U - 4 scrolls of identify
Potions
 a - 2 potions of mutation
 d - 3 potions of invisibility
 f - a potion of ambrosia
 h - 2 potions of lignification {unknown}
 i - 9 potions of curing
 j - 3 potions of resistance
 k - 6 potions of brilliance
 r - a potion of berserk rage
 s - 3 potions of degeneration
 u - a potion of flight {unknown}
 z - 2 potions of attraction
 C - 4 potions of cancellation
 G - 3 potions of haste
 J - a potion of magic {unknown}
 L - 3 potions of heal wounds
Miscellaneous
 T - a phial of floods


   Skills:
 + Level 9.8 Fighting
 - Level 2.4 Dodging
 + Level 10.7 Shields
 * Level 15.6 Unarmed Combat


You had 11 spell levels left.
You didn't know any spells.
Your spell library contained the following spells:

 Spells                   Type           Power      Damage    Failure   Level
 Beastly Appendage        Tmut           0%         N/A       56%         1
 Sandblast                Erth           0%         2d4       56%         1
 Cigotuvi's Dreadful Rot  Necr/Pois/Air  0%         N/A       71%         2
 Ensorcelled Hibernation  Hex/Ice        0%         N/A       71%         2
 Passwall                 Tmut/Erth      0%         N/A       71%         2
 Sublimation of Blood     Necr           0%         N/A       71%         2
 Wereblood                Tmut           0%         N/A       71%         2
 Ignite Poison            Fire/Tmut/Pois 0%         N/A       91%         3
 Ozocubu's Armour         Ice            0%         N/A       91%         3
 Spider Form              Tmut/Pois      0%         N/A       91%         3
 Stone Arrow              Conj/Erth      0%         3d7       91%         3
 Swiftness                Air            0%         N/A       91%         3
 Volatile Blastmotes      Fire/Tloc      0%         2d10      91%         3
 Animate Armour           Summ/Erth      0%         N/A       100%        4
 Fulminant Prism          Conj/Hex       0%         3d5       100%        4
 Iskenderun's Mystic Bla  Conj/Tloc      0%         2d3       100%        4
 Petrify                  Tmut/Erth      0%         N/A       100%        4
 Blade Hands              Tmut           0%         N/A       100%        5
 Freezing Cloud           Conj/Ice/Air   0%         6-21      100%        5
 Irradiate                Conj/Tmut      0%         3d11      100%        5
 Lee's Rapid Deconstruct  Erth           0%         3d4*      100%        5
 Metabolic Englaciation   Hex/Ice        0%         N/A       100%        5
 Iron Shot                Conj/Erth      0%         9d1       100%        6
 Simulacrum               Ice/Necr       0%         N/A       100%        6


Dungeon Overview and Level Annotations

Branches:
Dungeon (12/15)            Temple (1/1) D:4            Lair (3/5) D:8
  Swamp (0/4) Lair:2       Spider (0/4) Lair:2          Orc (0/2) D:12

Altars:
Ashenzari
Cheibriados
Dithmenos
Gozag
Hepliaklqana
Kikubaaqudgha
Makhleb
Nemelex Xobeh
Okawaru
Qazlal
Sif Muna
Trog
Uskayaw
Vehumet
Wu Jian
Xom
Yredelemnul

Shops:
D:1 !   D:8 !   D:10 *

Annotations:
Lair:1 1 runed translucent door, Olid's ghost, journeyman DrCj
Lair:2 1 exclusion


Innate Abilities, Weirdness & Mutations

You are too large for most types of armour.
You have claws for hands.
Your natural rate of healing is unusually fast.
You are covered in fur. (AC +1)
You have tough skin. (AC +1)


Message History

The four-headed hydra grows two more!
You claw the six-headed hydra!
The six-headed hydra is lightly wounded.
You spin and attack the six-headed hydra, with incredible momentum.
You rip one of the six-headed hydra's heads off!
The five-headed hydra grows two more!
You scratch the seven-headed hydra.
The seven-headed hydra is lightly wounded.
Your supernatural speed expires.
You rip one of the seven-headed hydra's heads off!
The six-headed hydra grows two more!
You claw the eight-headed hydra!
The eight-headed hydra is lightly wounded.
You block the eight-headed hydra's attack.
The eight-headed hydra bites you! x3
The eight-headed hydra closely misses you.
The eight-headed hydra bites you. The eight-headed hydra bites you!
The eight-headed hydra closely misses you.
You claw one of the eight-headed hydra's heads off!
The seven-headed hydra grows two more!
You claw the nine-headed hydra!
The nine-headed hydra is moderately wounded.
The nine-headed hydra bites you.
You block the nine-headed hydra's attack.
The nine-headed hydra bites you!
You block the nine-headed hydra's attack.
The nine-headed hydra barely misses you.
The nine-headed hydra bites you! x2
* * * LOW HITPOINT WARNING * * *
The nine-headed hydra bites you!
* * * LOW HITPOINT WARNING * * *
The nine-headed hydra bites you but does no damage.
As you read the scroll of fear, it crumbles to dust.
You assume a fearsome visage.
The nine-headed hydra resists with some effort.
You block the nine-headed hydra's attack. x2
The nine-headed hydra bites you but does no damage.
You block the nine-headed hydra's attack.
The nine-headed hydra bites you!
* * * LOW HITPOINT WARNING * * *
The nine-headed hydra bites you.
* * * LOW HITPOINT WARNING * * *
The nine-headed hydra bites you!
You die...

#..........#
...........#
..........###
............#
.<.........####
............#.# .
.............##### ..#
..............#..##...#
..............°D@.....#
...............○.....##
##............#...##..#
..........####### .#
.......## ......# ....
..


You could see a nine-headed hydra.

Vanquished Creatures
  Snorg (D:11)
  2 boulder beetles
  A two-headed ogre (D:11)
  4 death yaks (Lair:2)
  A skyshark (Lair:2)
  Pikel (D:6)
  2 bog bodies (Lair:2)
  A deep elf pyromancer (D:12)
  An ugly thing (D:12)
  A cyclops (D:11)
  A black mamba (Lair:1)
  Joseph (Lair:1)
  A cane toad (Lair:1)
  A gargoyle (D:12)
  4 komodo dragons
  4 kobold demonologists
  A rime drake (Lair:2)
  2 trolls
  Prince Ribbit (D:7)
  10 blink frogs (Lair:1)
  A shadow (D:9)
  A wyvern (Lair:2)
  32 yaks
  A wraith (D:12)
  A basilisk (Lair:2)
  A steam dragon (D:8)
  2 humans (D:8)
  A redback (Lair:2)
  4 vampire mosquitoes (D:12)
  An acid dragon (D:12)
  2 swamp worms (Lair:2)
  6 water moccasins
  8 black bears
  A sky beast (D:6)
  An ogre (D:4)
  An orc warrior (D:10)
  3 wolves (Lair:1)
  7 centaurs
  5 kobold brigands
  9 bullfrogs
  A gnoll sergeant (D:4)
  4 scorpions
  8 wights
  10 killer bees
  An electric eel (D:8)
  5 howler monkeys (D:9)
  10 orc priests
  2 hounds (D:4)
  A jelly (D:4)
  2 gnoll boudas
  A sleepcap (D:4)
  Terence (D:2)
  8 hell rats (Lair:1)
  3 iguanas
  Natasha (thrice) (D:3)
  7 orc wizards
  A mummy (D:3)
  9 adders
  14 gnolls
  11 river rats (Lair:1)
  2 worms
  3 dart slugs
  29 orcs
  7 ball pythons
  7 bats
  7 endoplasms
  5 giant cockroaches
  5 hobgoblins
  5 jackals
  30 kobolds
  13 quokkas
  4 frilled lizards
  8 goblins
  18 rats
374 creatures vanquished.

Vanquished Creatures (others)
  An orc wizard (D:9)
1 creature vanquished.

Grand Total: 375 creatures vanquished

Notes
Turn   | Place    | Note
-------+----------+-------------------------------------------
     0 | D:1      | Irreverend the Troll Fighter began the quest for the Orb.
     0 | D:1      | Reached XP level 1. HP: 22/22 MP: 0/0
   199 | D:1      | Reached XP level 2. HP: 29/29 MP: 1/1
   492 | D:1      | Found Huitoh's Distillery.
   565 | D:1      | Found a faded altar of an unknown god.
   596 | D:1      | Reached XP level 3. HP: 36/36 MP: 2/2
   875 | D:2      | Reached skill level 3 in Unarmed Combat
   917 | D:2      | Noticed Terence
   926 | D:2      | Killed Terence
   937 | D:2      | Reached XP level 4. HP: 37/44 MP: 3/3
  1654 | D:3      | Noticed Natasha
  1664 | D:3      | Killed Natasha
  1669 | D:3      | HP: 2/45 [gnoll/+0 whip (6)]
  1671 | D:3      | Reached skill level 4 in Unarmed Combat
  1671 | D:3      | Reached XP level 5. HP: 5/53 MP: 4/4
  1743 | D:3      | Found a basalt altar of Yredelemnul.
  1831 | D:3      | Noticed Natasha
  1843 | D:3      | Killed Natasha
  2045 | D:3      | Found a hazy altar of Hepliaklqana.
  2101 | D:3      | Found a snail-covered altar of Cheibriados.
  2232 | D:3      | Noticed Natasha
  2237 | D:3      | Killed Natasha
  2500 | D:4      | Reached XP level 6. HP: 35/61 MP: 5/5
  2604 | D:4      | Reached skill level 5 in Unarmed Combat
  2657 | D:4      | Found a staircase to the Ecumenical Temple.
  2693 | Temple   | Entered the Ecumenical Temple
  2750 | Temple   | Became a worshipper of the Wu Jian Council
  2792 | D:4      | Found a shadowy altar of Dithmenos.
  2884 | D:4      | Found an opulent altar of Gozag.
  2972 | D:4      | Reached XP level 7. HP: 62/70 MP: 6/6
  3189 | D:4      | Reached * piety under Wu Jian
  3296 | D:4      | Found an ancient bone altar of Kikubaaqudgha.
  3296 | D:4      | Found a sparkling altar of Nemelex Xobeh.
  3314 | D:4      | Found a broken altar of Ashenzari.
  3320 | D:4      | Reached skill level 6 in Unarmed Combat
  3500 | D:5      | Entered Level 5 of the Dungeon
  3804 | D:5      | Reached skill level 5 in Shields
  3804 | D:5      | Reached XP level 8. HP: 77/79 MP: 7/7
  3870 | D:5      | Reached skill level 7 in Unarmed Combat
  4264 | D:6      | Reached skill level 5 in Fighting
  4607 | D:6      | Reached skill level 8 in Unarmed Combat
  4609 | D:6      | Noticed Pikel
  4629 | D:6      | Killed Pikel
  4630 | D:6      | Reached XP level 9. HP: 81/88 MP: 8/8
  4993 | D:7      | Noticed Prince Ribbit
  5016 | D:7      | Killed Prince Ribbit
  5017 | D:7      | Reached skill level 9 in Unarmed Combat
  5545 | D:8      | Found a hide-covered altar of Uskayaw.
  5559 | D:8      | Reached ** piety under Wu Jian
  5714 | D:8      | Found a staircase to the Lair.
  5744 | D:8      | Reached skill level 10 in Unarmed Combat
  5854 | D:8      | Found an iron altar of Okawaru.
  5940 | D:8      | Reached XP level 10. HP: 33/100 MP: 9/9
  6030 | D:8      | Found Azerph's Distillery.
  6057 | D:8      | Found a radiant altar of Vehumet.
  6577 | D:9      | Reached *** piety under Wu Jian
  6593 | D:9      | Reached skill level 11 in Unarmed Combat
  6609 | D:9      | Noticed a sun demon
  6637 | D:9      | Noticed a smoke demon
  6869 | D:9      | Found a bloodstained altar of Trog.
  6933 | D:9      | Reached skill level 12 in Unarmed Combat
  7416 | D:10     | Entered Level 10 of the Dungeon
  7548 | D:10     | Reached XP level 11. HP: 71/109 MP: 10/10
  7591 | D:10     | Found a shimmering blue altar of Sif Muna.
  7638 | D:10     | Reached **** piety under Wu Jian
  7831 | D:10     | Found Plog's General Store.
  8615 | D:11     | Noticed a two-headed ogre
  8619 | D:11     | Killed a two-headed ogre
  8743 | D:11     | Noticed Snorg
  8754 | D:11     | Killed Snorg
  8755 | D:11     | Reached skill level 13 in Unarmed Combat
  9982 | D:12     | Noticed a boulder beetle
  9995 | D:12     | Killed a boulder beetle
 10069 | D:12     | Noticed a deep elf pyromancer
 10069 | D:12     | Noticed a red ugly thing
 10098 | D:12     | Killed a deep elf pyromancer
 10156 | D:12     | Killed a red ugly thing
 10280 | D:12     | Found a staircase to the Orcish Mines.
 10669 | D:12     | Reached skill level 14 in Unarmed Combat
 10669 | D:12     | Reached XP level 12. HP: 116/122 MP: 11/11
 10900 | Lair:1   | Entered Level 1 of the Lair of Beasts
 11323 | Lair:1   | Reached ***** piety under Wu Jian
 11381 | Lair:1   | Found a runed translucent door.
 11381 | Lair:1   | Noticed Olid's ghost (journeyman DrCj)
 11534 | Lair:1   | Noticed Joseph
 11540 | Lair:1   | Killed Joseph
 11541 | Lair:1   | Reached skill level 10 in Shields
 12435 | Lair:2   | Found a hole to the Spider Nest.
 12767 | Lair:2   | Reached skill level 15 in Unarmed Combat
 12796 | Lair:2   | Noticed a death yak
 12796 | Lair:2   | Noticed a death yak
 12796 | Lair:2   | Noticed a death yak
 12807 | Lair:2   | Noticed a death yak
 12811 | Lair:2   | Killed a death yak
 12814 | Lair:2   | Killed a death yak
 12819 | Lair:2   | Killed a death yak
 12823 | Lair:2   | Killed a death yak
 13200 | Lair:2   | Found a staircase to the Swamp.
 13292 | Lair:2   | Noticed a boulder beetle
 13299 | Lair:2   | Killed a boulder beetle
 13654 | Lair:3   | Noticed a five-headed hydra
 13659 | Lair:3   | Slain by a nine-headed hydra

Illustrated notes

Levels and vault maps discovered:
D:1:      matt_arrival_spirals, layout_basic, serial_shops,
          nicolae_shop_industrial_runoff,
          hellmonk_ecumenical_altar_inner_sanctum
D:2:      layout_basic, uniq_terence
D:3:      layout_loops_ring, nicolae_overflow_crystal_walls, slow_altar_2,
          nicolae_hepliaklqana_hippocampus, uniq_natasha
D:4:      dreamdust_elfheim, layout_basic, ashenzari_conservatory_becter,
          mainiacjoe_overflow_alcove_2, grunt_dithmenos_smoke,
          gammafunk_temple_overflow_elements, minmay_temple_entry_mini_moons,
          minmay_fractal_squares_diagonal_5
D:5:      layout_rooms
D:6:      layout_gridville, uniq_pikel
D:7:      layout_basic, uniq_prince_ribbit1
D:8:      layout_basic, eat_drink_and_be_merry_uskayaw, okawaru_humans,
          overflow_temple_1_default, due_lair_maze_entry_diamond, serial_shops,
          nicolae_shop_statue_plus
D:9:      layout_loops_ring, trog_ov_bears_minmay
D:10:     layout_basic, mainiacjoe_overflow_surrounded_room,
          nicolae_inconvenience_store
D:11:     layout_cave_pools, uniq_snorg
D:12:     layout_roguey, orc_0_dummy, st_stairs_5
Temple:   nicolae_temple_figure_zero
Lair:1:   lemuel_ratsnest, layout_long_grid, gauntlet_entry_generic,
          ebering_ghost_reflecting_pool, uniq_joseph
Lair:2:   layout_gridlike, nicolae_swamp_entry_splash_gauntlet,
          spider_nest_entry_webs
Lair:3:   layout_layer_cave, minivault_23

Skill      XL: |  1  2  3  4  5  6  7  8  9 10 11 12 |
---------------+-------------------------------------+-----
Shields        | 3 4 5 6 7 8 9 10 | 10.7
Unarmed Combat | 3 4 5 6 8 10 12 14 15 | 15.6
Fighting       | 3 4 5 6 7 8 9 |  9.8
Dodging        | |  2.4

Action                     |  1- 3 |  4- 6 |  7- 9 | 10-12 || total
---------------------------+-------+-------+-------+-------++-------
  Melee: Unarmed           |    74 |   176 |   275 |   661 ||  1186
  Throw: Throwing net      |       |     1 |       |       ||     1
 Invoke: Serpent's Lash    |       |       |       |    14 ||    14
Ability: Lunge             |       |     3 |    27 |    68 ||    98
         Whirlwind         |       |       |    11 |    96 ||   107
         Wall Jump         |       |       |       |     1 ||     1
  Evoke: Wand              |       |       |       |     1 ||     1
    Use: Potion            |       |     1 |       |     3 ||     4
         Scroll            |       |       |       |    17 ||    17
 Armour: Robe              |    24 |    33 |    58 |    83 ||   198
  Dodge: Dodged            |    16 |    43 |    82 |   138 ||   279
  Block: Kite shield       |    29 |    57 |    95 |   200 ||   381
